 Dungeon Crawl Stone Soup version 0.19.0-19-g8c6edcc (webtiles) character file.

12 Chiseanne the Vexing (level 2, -1/21 HPs)
             Began as a Demonspawn Wanderer on Nov 14, 2016.
             Slain by a goblin
             ... wielding a cursed -3 club
             ... led by Robin
              (3 damage)
             ... on level 2 of the Dungeon.
             The game lasted 00:01:10 (827 turns).

Chiseanne the Vexing (Demonspawn Wanderer)           Turns: 827, Time: 00:01:11

Health: -1/21      AC:  8    Str: 11    XL:     2   Next: 20%
Magic:  3/3        EV:  7    Int: 14    God:
Gold:   64         SH:  0    Dex: 12    Spells: 0 memorised, 3 levels left

rFire  . . .     SeeInvis .     a - +0 quarterstaff
rCold  . . .     Gourm    .     i - +0 chain mail
rNeg   . . .     Faith    .     (shield currently unavailable)
rPois  .         Spirit   .     (no helmet)
rElec  .         Reflect  .     (no cloak)
rCorr  .         Harm     .     (no gloves)
MR     .....                    (no boots)
Stlth  ..........               (no amulet)
                                (no ring)
                                (no ring)

@: no status effects
A: repulsion field 1
a: no special abilities


You were on level 2 of the Dungeon.
You were not hungry.

You visited 1 branch of the dungeon, and saw 2 of its levels.

You collected 64 gold pieces.

Inventory:

Hand Weapons
 a - a +0 quarterstaff (weapon)
Missiles
 c - 38 arrows
 g - 20 bolts
 h - 19 sling bullets
Armour
 i - a +0 chain mail (worn)
Scrolls
 j - a scroll of identify
Potions
 b - 2 potions of berserk rage
 d - 4 potions of curing
Comestibles
 f - a bread ration
 k - a chunk of flesh


   Skills:
 * Level 1.6 Fighting
 * Level 1.1 Dodging
 - Level 1.7 Stealth
   Level 1.0 Shields
 - Level 1.0 Unarmed Combat
 - Level 1.0 Spellcasting
   Level 3.0 Hexes
   Level 1.0 Charms


You had 3 spell levels left.
You didn't know any spells.

Dungeon Overview and Level Annotations

Branches:
Dungeon (2/15)

Altars:

Annotations:
D:2 Robin


Innate Abilities, Weirdness & Mutations

You are surrounded by a mild repulsion field. (EV +2)


Message History

The goblin closely misses you.
The goblin unwields an uncursed hunting sling.
The goblin hits you.
You barely miss the goblin. The goblin hits you with a club.
The goblin hits you. x2
You hit the goblin.
The goblin is moderately wounded.
The goblin barely misses you. The goblin hits you but does no damage.
The goblin closely misses you.
Your chain mail prevents you from hitting the goblin.
The goblin hits you with a club.
* * * LOW HITPOINT WARNING * * *
Robin throws the goblin at you! The goblin hits you.
* * * LOW HITPOINT WARNING * * *
The goblin barely misses you. The goblin closely misses you.
The goblin hits you but does no damage. x2
You hit the goblin.
You kill the goblin!
The goblin hits you with a club.
You die...

*,,,,,,,* ##.#######
*,,,,,,,* #........#
********* #........#
#........# #.<......#
#........# #........#
#g)g...^.# ##@#######
*******#g#* *,,,,,,ggg*
*,,,,,.ggg#
*,,,,.....#*****
*,,,.......,,,,**********
*,,.......#***,,,,,,,,,,*
*,........# *,,,,,,,,,,*
**************,,,,,,,,,,*


You could see Robin, 2 hobgoblins and 6 goblins.

Vanquished Creatures
  3 goblins
  2 hobgoblins (D:1)
  3 jackals (D:2)
  A bat (D:1)
  A rat (D:1)
10 creatures vanquished.

Vanquished Creatures (others)
  2 ghouls (D:1)
  2 minotaurs (D:1)
  2 draconians (D:1)
  A gargoyle (D:1)
  3 formicids (D:1)
  A human (D:1)
  A naga (D:1)
  A dwarf (D:1)
  2 centaurs (D:1)
  4 tentacles (D:1)
19 creatures vanquished.

Grand Total: 29 creatures vanquished

Notes
Turn   | Place    | Note
-------+----------+-------------------------------------------
     0 | D:1      | Chiseanne the Demonspawn Wanderer began the quest for the Orb.
     0 | D:1      | Chiseanne set off with: a +2 dagger, a potion of berserk rage, a +0 quarterstaff, a potion of curing, a +0 robe, a bread ration
     0 | D:1      | Reached XP level 1. HP: 15/15 MP: 2/2
     2 | D:1      | Killed a human
     4 | D:1      | Noticed a gargoyle
     4 | D:1      | Noticed a centaur
     4 | D:1      | Noticed a draconian
     4 | D:1      | Noticed a centaur
     4 | D:1      | Noticed a formicid
     4 | D:1      | Noticed a minotaur
     4 | D:1      | Noticed a dwarf
     4 | D:1      | Noticed a kraken
     4 | D:1      | Noticed a draconian
     4 | D:1      | Noticed a naga
     4 | D:1      | Noticed a ghoul
     4 | D:1      | Noticed a formicid
     4 | D:1      | Noticed a formicid
     4 | D:1      | Noticed a minotaur
     4 | D:1      | Noticed a ghoul
     5 | D:1      | Killed a draconian
    10 | D:1      | Killed a minotaur
    12 | D:1      | Killed a gargoyle
    14 | D:1      | Killed a centaur
    15 | D:1      | Killed a formicid
    18 | D:1      | Killed a draconian
    19 | D:1      | Killed a minotaur
    20 | D:1      | Killed a formicid
    21 | D:1      | Killed a dwarf
    21 | D:1      | Killed a formicid
    22 | D:1      | Killed a ghoul
    23 | D:1      | Killed a centaur
    24 | D:1      | Killed a ghoul
    25 | D:1      | Killed a naga
   676 | D:2      | Reached skill level 1 in Dodging
   676 | D:2      | Gained mutation: You are surrounded by a mild repulsion field. (EV +2) [demonic ancestry]
   676 | D:2      | Reached XP level 2. HP: 11/21 MP: 3/3
   819 | D:2      | Noticed Robin
   827 | D:2      | Slain by a goblin

Skill      XL: |  1 |
---------------+----+-----
Dodging        | 1 |  1.1
Fighting       | |  1.6
Stealth        | |  1.7
Shields        | |  1.0
Unarmed Combat | |  1.0
Spellcasting   | |  1.0
Hexes          | |  3.0
Charms         | |  1.0

Action                   || total
-------------------------++-------
Melee: Quarterstaff      ||    36
  Use: Scroll            ||     2
 Stab: Sleeping          ||     1
Armor: Chain mail        ||    34
       Robe              ||     1
Dodge: Dodged            ||    29
